Map: Deathaura LE

Players

Demolition

  • Race: Zerg Zerg
  • League: Platinum
  • Spawn Location: 11:00

SwarmSLG - Winner!

  • Race: Zerg Zerg
  • Spawn Location: 5:00

VOD

Have the link to the VOD?

Description

Time

  • Played on: March 4, 2021, 3:28 p.m.
  • Length: 5:34
Show
View Real Time Build Order
Export as new Build Order

Demolition Zerg 

Build Orders: Hatch First 

Get SALT Encoding   

  12  0:00  Drone  
  13  0:13  Overlord  
  13  0:18  Drone  
  14  0:31  Drone x2  
  16  0:50  Hatchery  
  16  0:53  Drone  
  16  0:57  Drone  
  17  1:00  Drone  
  18  1:05  Extractor  
  17  1:19  Spawning Pool  
  17  1:20  Drone  
  17  1:23  Drone  
  18  1:28  Drone  
  19  1:56  Drone  
  20  2:05  Queen x2  
  20  2:08  Zergling x4  
  26  2:14  Drone, Overlord  
  27  2:20  Drone  
  28  2:25  Metabolic Boost  
  28  2:35  Drone x4  
  32  2:41  Queen  
  34  2:50  Queen  
  36  2:54  Overlord  
  36  2:56  Overlord  
  35  3:10  Drone  
  35  3:12  Overlord  
  35  3:17  Drone x2  
  37  3:23  Lair  
  37  3:28  Extractor  
  37  3:30  Extractor  
  37  3:32  Evolution Chamber  
  37  3:33  Drone  
  35  3:34  Drone x2  
  35  3:35  Roach Warren  
  35  3:36  Drone  
  37  3:44  Drone x3  
  37  3:48  Drone  
  41  3:49  Drone  
  28  4:16  Roach x7  
  10  4:58  Drone  
  9  5:12  Drone  
  9  5:13  Drone  
Show
View Real Time Build Order
Export as new Build Order

SwarmSLG Zerg - Winner!

Build Orders: Hatch First 

Get SALT Encoding   

  12  0:01  Drone  
  13  0:13  Overlord  
  13  0:20  Drone  
  14  0:32  Drone x2  
  16  0:36  Drone  
  17  0:48  Drone  
  18  0:58  Hatchery  
  18  1:00  Drone  
  18  1:03  Extractor  
  17  1:07  Drone  
  19  1:18  Drone  
  19  1:28  Spawning Pool  
  19  1:29  Drone  
  19  1:40  Overlord  
  19  2:01  Drone x2  
  21  2:16  Queen x2  
  21  2:17  Zergling x4  
  21  2:18  Metabolic Boost  
  21  2:21  Zergling x2  
  28  2:24  Zergling x2  
  29  2:33  Zergling x2  
  29  2:34  Zergling x2  
  31  2:43  Overlord  
  31  2:47  Zergling x2  
  31  3:15  Zergling x10  
  36  3:27  Drone  
  36  3:28  Drone x4  
  41  3:42  Pneumatized Carapace, Queen  
  41  3:47  Zergling x2, Overlord  
  42  4:21  Zergling x2  
  42  4:22  Zergling x16  
  51  4:32  Lair  
  51  4:33  Evolution Chamber x2, Queen  
  43  5:00  Zergling x2  
  43  5:01  Zergling x16  
Tags
 
Add a new tag
Caveats
  • Supply blocks, unpowered buildings, or Contaminate may cause inaccurate times.
  • Supply counts are checked every 10 seconds.